 Dungeon Crawl Stone Soup version 0.29-a0-323-g050149af67 (webtiles) character file.

Game seed: 217822259982629683

81 Hubjo the Grave Robber (level 4, -1/33 HPs)
             Began as a Mummy Necromancer on Apr 11, 2022.
             Was a Believer of Jiyva.
             Slain by an orc warrior
             ... wielding a +0 halberd
              (15 damage)
             ... on level 3 of the Dungeon.
             The game lasted 00:06:28 (3635 turns).

Hubjo the Grave Robber (Mummy Necromancer)          Turns: 3635, Time: 00:06:29

Health: -1/33      AC:  5    Str: 11    XL:     4   Next: 20%
Magic:  9/9        EV: 11    Int: 20    God:    Jiyva [**....]
Gold:   46         SH:  0    Dex: 14    Spells: 2/9 levels left

rFire   . . .      SeeInvis .   (no weapon)
rCold   + . .      Faith    .   (no shield)
rNeg    + + +      Spirit   .   d - +2 leather armour {rF+}
rPois   ∞          Reflect  .   (no helmet)
rElec   .          Harm     .   (no cloak)
rCorr   +          Rampage  .   (no gloves)
Will    .....                   (no boots)
Stlth   ++........              (no amulet)
HPRegen 1.07/turn               b - +6 ring of intelligence
MPRegen 0.41/turn               (no ring)

@: no status effects
A: cold resistance 1, negative energy resistance 3, torment resistance 2, heat
vulnerability 1, in touch with death 1, no potions
a: Renounce Religion


You were on level 3 of the Dungeon.
You worshipped Jiyva.
Jiyva was pleased with you.
You visited 1 branch of the dungeon, and saw 3 of its levels.

You collected 46 gold pieces.

Inventory:

Armour
 a - a +0 robe
 d - a +2 leather armour of fire resistance (worn)
 g - a +0 crystal plate armour
Jewellery
 b - a +6 ring of intelligence (left hand)
Wands
 i - a wand of polymorph (2)
Scrolls
 f - 3 scrolls of identify {unknown}


   Skills:
 * Level 2.2 Fighting
 - Level 1.5 Dodging
 + Level 2.2 Stealth
 + Level 3.4 Spellcasting
 + Level 4.4 Necromancy


You had 2 spell levels left.
You knew the following spells:

 Your Spells              Type           Power      Damage    Failure   Level
a - Pain                  Necr           100%       1d9       3%          1
b - Animate Dead          Necr           15%        N/A       28%         4
c - Blink                 Tloc           6%         N/A       26%         2

Your spell library contained the following spells:

 Spells                   Type           Power      Damage    Failure   Level
 Animate Skeleton         Necr           62%        N/A       3%          1
 Vampiric Draining        Necr           31%        2d8       9%          3
 Conjure Flame            Conj/Fire      3%         6-21      47%         3
 Agony                    Necr           31%        N/A       63%         5


Dungeon Overview and Level Annotations

Branches:
Dungeon (3/15)

Altars:
Jiyva


Innate Abilities, Weirdness & Mutations

You are immune to poison.
Your flesh is cold resistant. (rC+)
You are immune to negative energy. (rN+++)
You are immune to unholy pain and torment.
You are vulnerable to heat. (rF-)
You are in touch with the powers of death.
You do not drink.


Message History

Confirm with . or Enter, or press ? or * to list all spells.
Aiming: Pain (safe; 3% risk of failure)
Press: ? - help, Shift-Dir - straight line, f/p - gnoll
Aim: a gnoll, wielding a +0 spear (heavily wounded, chance to affect: 88%)
You feel a surge of power!
The gnoll writhes in agony.
The gnoll hits you with a +0 spear.
Casting: Pain (safe; 3% risk of failure)
Confirm with . or Enter, or press ? or * to list all spells.
Aiming: Pain (safe; 3% risk of failure)
Press: ? - help, Shift-Dir - straight line, f/p - gnoll
Aim: a gnoll, wielding a +0 spear (severely wounded, chance to affect: 88%)
You feel a surge of power!
The gnoll writhes in agony.
The gnoll hits you with a +0 spear.
Casting: Pain (safe; 3% risk of failure)
Confirm with . or Enter, or press ? or * to list all spells.
Aiming: Pain (safe; 3% risk of failure)
Press: ? - help, Shift-Dir - straight line, f/p - gnoll
Aim: a gnoll, wielding a +0 spear (severely wounded, chance to affect: 88%)
You feel a surge of power!
The gnoll writhes in agony!
You kill the gnoll!
Casting: Pain (safe; 3% risk of failure)
Confirm with . or Enter, or press ? or * to list all spells.
The spell is quite dangerous to miscast (26% risk of failure)!
Continue anyway?
You blink.
You see here a +0 spear.
You feel stable enough to blink again.
Casting: Blink (quite dangerous; 26% risk of failure)
Confirm with . or Enter, or press ? or * to list all spells.
There is nothing nearby to animate!
You see here a +0 spear.
An orc warrior comes into view. It is wielding a +0 halberd.
The orc warrior shouts!
An orc comes into view. It is wielding a +0 club.
The orc warrior hits you from afar with a +0 halberd!
An orc comes into view. It is wielding a +0 dagger.
The orc warrior hits you from afar with a +0 halberd!
Ouch! That really hurt!
The orc shouts!
The orc warrior hits you from afar with a +0 halberd!
You die...

### ....
####o....
#.o.....o
####.#
####..o.#
#<..@####
#.####
#.#
#....#
#.#### #


You could see an orc warrior and 2 orcs.

Vanquished Creatures
  Terence (D:2)
  4 gnolls
  A worm (D:2)
  A dart slug (D:3)
  A ball python (D:1)
  2 bats
  An endoplasm (D:1)
  2 giant cockroaches (D:1)
  5 goblins
  4 hobgoblins
  3 kobolds (D:1)
  2 quokkas
  4 frilled lizards
  3 rats (D:1)
34 creatures vanquished.

Vanquished Creatures (others)
  2 jellies (D:2)
  An adder (D:2)
  2 dart slugs
  An endoplasm (D:2)
  A giant cockroach (D:2)
  2 bats
9 creatures vanquished.

Grand Total: 43 creatures vanquished

Notes
Turn   | Place    | Note
-------+----------+-------------------------------------------
     0 | D:1      | Hubjo the Mummy Necromancer began the quest for the Orb.
     0 | D:1      | Reached XP level 1. HP: 13/13 MP: 4/4
   659 | D:1      | Reached XP level 2. HP: 11/20 MP: 5/5
   854 | D:1      | Reached skill level 1 in Fighting
  1444 | D:1      | Found a faded altar of an unknown god.
  1452 | D:1      | Prayed at the altar of an unknown god.
  1452 | D:1      | Became a worshipper of Jiyva Jinlinna the Shapeless
  1452 | D:1      | Reached * piety under Jiyva
  1848 | D:1      | Got the Catalogue of the Quantum Volcanoes
  2306 | D:2      | Reached ** piety under Jiyva
  2312 | D:2      | Gained mutation: You are in touch with the powers of death.
                  | [Mummy growth]
  2312 | D:2      | Reached XP level 3. HP: 25/26 MP: 7/7
  2826 | D:2      | Noticed Terence
  2840 | D:2      | Killed Terence
  3419 | D:2      | Reached XP level 4. HP: 14/33 MP: 7/9
  3445 | D:3      | Learned a level 4 spell: Animate Dead
  3606 | D:2      | Learned a level 2 spell: Blink
  3627 | D:3      | Noticed an orc warrior
  3635 | D:3      | Slain by an orc warrior

Illustrated notes

Levels and vault maps discovered:
D:1:      dpeg_arrival_rooms_b, layout_loops_corners,
          hellmonk_ecumenical_altar_arch_garden, minmay_misc_feat_chi,
          minmay_misc_feat_rows
D:2:      layout_basic, minivault_19, minmay_misc_feat_iff, uniq_terence
D:3:      layout_rooms, mainiacjoe_overflow_concentric_impassable,
          kennysheep_decorative_pillar, hangedman_decor_growths, uniq_robin

Skill      XL: |  1  2  3 |
---------------+----------+-----
Fighting       | 1 2 |  2.2
Spellcasting   | 3 |  3.4
Stealth        | 2 |  2.2
Dodging        | |  1.5
Necromancy     | |  4.4

Action                   |  1- 3 |  4- 6 || total
-------------------------+-------+-------++-------
Melee: Unarmed           |   279 |    19 ||   298
       Punch             |     4 |       ||     4
 Cast: Pain              |    20 |     9 ||    29
       Blink             |       |     1 ||     1
  Use: Scroll            |       |     3 ||     3
 Stab: Sleeping          |     3 |       ||     3
Armor: Robe              |    14 |       ||    14
       Leather armour    |    65 |     3 ||    68
Dodge: Dodged            |   180 |    16 ||   196

Table legend: (Time is in decaauts)
 A = Elapsed time spent in this place.
 B = Non-inter-level travel time spent in this place.
 C = Inter-level travel time spent in this place.
 D = Time resting spent in this place.
 E = Time spent auto-exploring this place.
 F = Levels seen in this place.
 G = Mean time per level.
                   A        B        C        D        E       F      G
               +--------+--------+--------+--------+--------+-----+--------+
         Total |   3639 |   3539 |    100 |    293 |   2671 |   3 | 1213.0 |
       Dungeon |   3639 |   3539 |    100 |    293 |   2671 |   3 | 1213.0 |
               +--------+--------+--------+--------+--------+-----+--------+

Top non-repeatable levels by time:
     D:1: 2217 daAuts
     D:2: 1321 daAuts
     D:3: 100 daAuts
